3L
KINGSTON TOWNSHIP LEGION @ D.C. DIVIDED
07/14/2023
 
TOP OF THE 1ST
Kingston Township Legion batting - Pitching for D.C. Divided : RHP Jeff Lee
Pitching: RHP Jeff Lee
Batting: LHB Forrest McCooke 0-0: Ball
1-0: Ball
2-0: Called Strike
2-1: Foul Ball, location: 2F
2-2: Ball
3-2: Ground out 4-3 (Groundball, 34)
Batting: LHB Gonzalo López 0-0: Called Strike
0-1: Ball
1-1: SOLO HOME RUN (Flyball, 8RXD), Distance : 454 ft
Batting: RHB Layton Templeman 0-0: Called Strike
0-1: Ball
1-1: Fly out, F8 (Flyball, 8LM)
Batting: LHB Clay Rush 0-0: Called Strike
0-1: Ball
1-1: Ball
2-1: Fly out, F7 (Flyball, 7D)
Top of the 1st over - 1 run(s), 1 hit(s), 0 error(s), 0 left on base; Kingston Township 1 - D.C. 0
BOTTOM OF THE 1ST
D.C. Divided batting - Pitching for Kingston Township Legion : LHP Shigemasa Horiuchi
Pitching: LHP Shigemasa Horiuchi
Batting: RHB Tony Romero 0-0: Bunted foul
0-1: DOUBLE (Flyball, 9LM)
Batting: RHB Cristo González 0-0: Called Strike
0-1: Fly out, F9 (Flyball, 9LM)
Batting: LHB Ray Sears 0-0: Swinging Strike
0-1: Ball
1-1: Called Strike
1-2: Ball
2-2: Ball
3-2: 2-RUN HOME RUN (Flyball, 8LXD), Distance : 454 ft
Batting: RHB Miguel Silva 0-0: Called Strike
0-1: Called Strike
0-2: Ball
1-2: Ball
2-2: Strikes out swinging
Batting: RHB Lúcio López 0-0: Ball
1-0: Called Strike
1-1: Ball
2-1: Swinging Strike
2-2: Strikes out looking
Bottom of the 1st over - 2 run(s), 2 hit(s), 0 error(s), 0 left on base; Kingston Township 1 - D.C. 2
TOP OF THE 2ND
Kingston Township Legion batting - Pitching for D.C. Divided : RHP Jeff Lee
Batting: LHB Martín Núñes 0-0: Ball
1-0: Ball
2-0: Ground out 1-3 (Groundball, 25)
Batting: RHB Pete Knight 0-0: Ball
1-0: Ball
2-0: Foul Ball, location: 2F
2-1: Swinging Strike
2-2: Foul Ball, location: 2F
2-2: Ball
3-2: SINGLE (Line Drive, 9S)
Batting: RHB Pedro Mendoza 0-0: Ball
1-0: Ball
2-0: Ball
3-0: Called Strike
3-1: Base on Balls
Pete Knight to second
Batting: RHB Noel Wells 0-0: Ball
1-0: Foul Ball, location: 2F
1-1: Foul Ball, location: 2F
1-2: Foul Ball, location: 2F
1-2: Strikes out swinging
Batting: RHB Jon Erickson 0-0: Ground out 5-3 (Groundball, 5S)
Top of the 2nd over - 0 run(s), 1 hit(s), 0 error(s), 2 left on base; Kingston Township 1 - D.C. 2
BOTTOM OF THE 2ND
D.C. Divided batting - Pitching for Kingston Township Legion : LHP Shigemasa Horiuchi
Batting: LHB Mike Gardner 0-0: Ball
1-0: Ball
2-0: Called Strike
2-1: Foul Ball, location: 2F
2-2: Strikes out swinging
Batting: LHB Brad Elmore 0-0: Ball
1-0: Ball
2-0: Foul Ball, location: 2F
2-1: Ground out 3-1 (Groundball, 34)
Batting: LHB Jorge Aicón 0-0: Called Strike
0-1: Ball
1-1: Called Strike
1-2: Ball
2-2: Fly out, F6 (Popup, 4M)
Bottom of the 2nd over - 0 run(s), 0 hit(s), 0 error(s), 0 left on base; Kingston Township 1 - D.C. 2
TOP OF THE 3RD
Kingston Township Legion batting - Pitching for D.C. Divided : RHP Jeff Lee
Batting: LHB Forrest McCooke 0-0: Bunt for hit - play at first, batter safe!
Batting: LHB Gonzalo López 0-0: Ball
1-0: Ball
2-0: Grounds out, U3 (Groundball, 3L)
Batting: RHB Layton Templeman 0-0: Called Strike
Forrest McCooke steals 3rd base
0-1: Fly out, F4 (Popup, 34)
Batting: LHB Clay Rush 0-0: Swinging Strike
0-1: Ball
1-1: Ground out 4-3 (Groundball, 4)
Top of the 3rd over - 0 run(s), 1 hit(s), 0 error(s), 1 left on base; Kingston Township 1 - D.C. 2
BOTTOM OF THE 3RD
D.C. Divided batting - Pitching for Kingston Township Legion : LHP Shigemasa Horiuchi
Batting: LHB Charles Mathes 0-0: Called Strike
0-1: Foul Ball, location: 2F
0-2: Ball
1-2: Ball
2-2: Reached on error, E6 (Groundball, 6M)
Batting: RHB Tony Romero 0-0: Ball
1-0: Ball
2-0: Fly out, F9 (Flyball, 9M)
Batting: RHB Cristo González 0-0: Foul Ball, location: 2F
0-1: Ball
1-1: Ball
2-1: Reached on error, E1 (Groundball, 13S)
Charles Mathes to second
Batting: LHB Ray Sears 0-0: Called Strike
Charles Mathes steals 3rd base
Cristo González to second
0-1: Ball
1-1: Ball
2-1: Called Strike
2-2: Ball
3-2: Ground out 6-3 (Groundball, 6M)
Charles Mathes scores
Cristo González to third
Batting: RHB Miguel Silva 0-0: Called Strike
0-1: Ball
1-1: Ball
2-1: Swinging Strike
2-2: Strikes out swinging
Bottom of the 3rd over - 1 run(s), 0 hit(s), 2 error(s), 1 left on base; Kingston Township 1 - D.C. 3
TOP OF THE 4TH
Kingston Township Legion batting - Pitching for D.C. Divided : RHP Jeff Lee
Batting: LHB Martín Núñes 0-0: Called Strike
0-1: Ground out 1-3 (Groundball, 13S)
Batting: RHB Pete Knight 0-0: Called Strike
0-1: Ball
1-1: Ball
2-1: Ball
3-1: Base on Balls
Batting: RHB Pedro Mendoza 0-0: Swinging Strike
0-1: Swinging Strike
0-2: Fly out, F8 (Flyball, 8LS)
Batting: RHB Noel Wells 0-0: Called Strike
0-1: Called Strike
0-2: Foul Ball, location: 2F
0-2: Foul Ball, location: 2F
0-2: Strikes out looking
Top of the 4th over - 0 run(s), 0 hit(s), 0 error(s), 1 left on base; Kingston Township 1 - D.C. 3
BOTTOM OF THE 4TH
D.C. Divided batting - Pitching for Kingston Township Legion : LHP Shigemasa Horiuchi
Batting: RHB Lúcio López 0-0: Ball
1-0: Called Strike
1-1: Ground out 5-3 (Groundball, 56)
Batting: LHB Mike Gardner 0-0: Ball
1-0: Ball
2-0: Ground out 4-3 (Groundball, 4)
Batting: LHB Brad Elmore 0-0: Ball
1-0: Called Strike
1-1: Ball
2-1: Fly out, F7 (Flyball, 7M)
Bottom of the 4th over - 0 run(s), 0 hit(s), 0 error(s), 0 left on base; Kingston Township 1 - D.C. 3
TOP OF THE 5TH
Kingston Township Legion batting - Pitching for D.C. Divided : RHP Jeff Lee
Batting: RHB Jon Erickson 0-0: Ball
1-0: Called Strike
1-1: Foul Ball, location: 2F
1-2: Ball
2-2: Fly out, F8 (Flyball, 78S)
Batting: LHB Forrest McCooke 0-0: Ball
1-0: Ball
2-0: Ball
3-0: Base on Balls
Batting: LHB Gonzalo López 0-0: Ball
1-0: Swinging Strike
1-1: Ball
2-1: Ball
Forrest McCooke steals 2nd base
3-1: Base on Balls
Batting: RHB Layton Templeman 0-0: Ball
Forrest McCooke steals 3rd base
Gonzalo López to second
1-0: Called Strike
1-1: Ball
2-1: Ball
3-1: Called Strike
3-2: Foul Ball, location: 2F
3-2: SINGLE (Line Drive, 89S)
Forrest McCooke scores
Gonzalo López to third
Batting: LHB Clay Rush 0-0: Foul Ball, location: 2F
0-1: Swinging Strike
0-2: Foul Ball, location: 2F
0-2: Ball
1-2: Ball
2-2: Ball
3-2: Fly out, F7 (Line Drive, 7M)
3-2: Fly out, F7 (Line Drive, 7M)
Batting: LHB Martín Núñes 0-0: Ball
1-0: Ball
2-0: Foul Ball, location: 2F
2-1: Fly out, F5 (Popup, 5F)
Top of the 5th over - 1 run(s), 1 hit(s), 0 error(s), 2 left on base; Kingston Township 2 - D.C. 3
BOTTOM OF THE 5TH
D.C. Divided batting - Pitching for Kingston Township Legion : LHP Shigemasa Horiuchi
Batting: LHB Jorge Aicón 0-0: Called Strike
0-1: Swinging Strike
0-2: Ball
1-2: Ground out 4-3 (Groundball, 4)
Batting: LHB Charles Mathes 0-0: Ball
1-0: Swinging Strike
1-1: Called Strike
1-2: Ball
2-2: Ball
3-2: Ground out 1-3 (Groundball, 15S)
Batting: RHB Tony Romero 0-0: Ball
1-0: DOUBLE (Line Drive, 5D)
Batting: RHB Cristo González 0-0: Called Strike
0-1: Foul Ball, location: 2F
0-2: DOUBLE (Line Drive, 3)
Tony Romero scores
Pinch Runner at 2nd Ramón García:
Batting: LHB Ray Sears 0-0: Intentional Walk
Batting: RHB Miguel Silva 0-0: Ball
1-0: Ground out 4-3 (Groundball, 4)
Bottom of the 5th over - 1 run(s), 2 hit(s), 0 error(s), 2 left on base; Kingston Township 2 - D.C. 4
TOP OF THE 6TH
Kingston Township Legion batting - Pitching for D.C. Divided : RHP Jeff Lee
Now at SS: Ramón García
Batting: RHB Pete Knight 0-0: Ball
1-0: Ball
2-0: Ball
3-0: Called Strike
3-1: Foul Ball, location: 2F
3-2: Foul Ball, location: 2F
3-2: Foul Ball, location: 2F
3-2: Foul Ball, location: 2F
3-2: Reached on error, E5 (Groundball, 56)
Pitching: RHP Sozen Raikatuji
Batting: RHB Pedro Mendoza 0-0: Ball
1-0: Ball
2-0: SINGLE (Line Drive, 78S)
Pete Knight to second
Batting: RHB Noel Wells 0-0: SINGLE (Flyball, 7S)
Pete Knight to third
Pedro Mendoza to second
Batting: RHB Jon Erickson 0-0: Foul Ball, location: 2F
0-1: Swinging Strike
0-2: Ball
1-2: Ball
2-2: Fly out, F8 (Flyball, 8LS)
Batting: LHB Forrest McCooke 0-0: Fly out, F8 (Flyball, 8LM)
Batting: LHB Gonzalo López 0-0: Called Strike
0-1: Ball
1-1: Fly out, F7 (Flyball, 78XD)
Top of the 6th over - 0 run(s), 2 hit(s), 1 error(s), 3 left on base; Kingston Township 2 - D.C. 4
BOTTOM OF THE 6TH
D.C. Divided batting - Pitching for Kingston Township Legion : LHP Shigemasa Horiuchi
Batting: RHB Lúcio López 0-0: Called Strike
0-1: Called Strike
0-2: Strikes out swinging
Batting: LHB Mike Gardner 0-0: Ball
1-0: Ball
2-0: Ball
3-0: Called Strike
3-1: Base on Balls
Pitching: LHP Bill Washington
Batting: LHB Brad Elmore 0-0: SINGLE (Line Drive, 56D)
Mike Gardner to second
Batting: LHB Jorge Aicón 0-0: Foul Ball, location: 2F
0-1: Foul Ball, location: 2F
0-2: Foul Ball, location: 2F
0-2: Strikes out looking
Batting: LHB Charles Mathes 0-0: Swinging Strike
0-1: Ball
1-1: Foul Ball, location: 2F
1-2: Ball
2-2: Ball
3-2: Foul Ball, location: 2F
3-2: Foul Ball, location: 2F
3-2: Strikes out swinging
Bottom of the 6th over - 0 run(s), 1 hit(s), 0 error(s), 2 left on base; Kingston Township 2 - D.C. 4
TOP OF THE 7TH
Kingston Township Legion batting - Pitching for D.C. Divided : RHP Sozen Raikatuji
Batting: RHB Layton Templeman 0-0: Ball
1-0: Ball
2-0: Called Strike
2-1: Called Strike
2-2: Ground out 5-3 (Groundball, 56)
Batting: LHB Clay Rush 0-0: Ball
1-0: Called Strike
1-1: Fly out, F7 (Flyball, 7LM)
Batting: LHB Martín Núñes 0-0: Ground out U3 (Groundball, 3)
Top of the 7th over - 0 run(s), 0 hit(s), 0 error(s), 0 left on base; Kingston Township 2 - D.C. 4
BOTTOM OF THE 7TH
D.C. Divided batting - Pitching for Kingston Township Legion : LHP Bill Washington
Batting: RHB Tony Romero 0-0: Called Strike
0-1: Foul Ball, location: 2F
0-2: Ball
1-2: Ball
2-2: Ball
3-2: SINGLE (Flyball, 89S)
Batting: LHB Ramón García 0-0: Ball
1-0: Bunted foul
1-1: Sac Bunt - play at first, batter OUT! 1-4
Tony Romero to second
Batting: LHB Ray Sears 0-0: Intentional Walk
Batting: RHB Miguel Silva 0-0: Called Strike
0-1: Ball
1-1: Ball
2-1: Ball
3-1: Foul Ball, location: 2F
3-2: Base on Balls
Tony Romero to third
Ray Sears to second
Batting: RHB Lúcio López 0-0: Called Strike
0-1: Swinging Strike
0-2: Ball
1-2: Ball
2-2: Strikes out swinging
Pitching: LHP Zach Williams Jr.
Batting: LHB Mike Gardner 0-0: SINGLE (Line Drive, 6M)
Tony Romero scores
Ray Sears to third
Miguel Silva to second
Pinch Hitting: RHB Duncan Thomas 0-0: Swinging Strike
0-1: Ball
1-1: Fielders Choice at 2nd, U4 (Groundball, 4M)
Bottom of the 7th over - 1 run(s), 2 hit(s), 0 error(s), 3 left on base; Kingston Township 2 - D.C. 5
TOP OF THE 8TH
Kingston Township Legion batting - Pitching for D.C. Divided : RHP Sozen Raikatuji
Now in LF: Keith Bridges
Batting: RHB Pete Knight 0-0: Called Strike
0-1: Foul Ball, location: 2F
0-2: Ball
1-2: Ball
2-2: Ball
3-2: Strikes out swinging
Batting: RHB Pedro Mendoza 0-0: Fly out, F4 (Popup, 34D)
Batting: RHB Noel Wells 0-0: Ball
1-0: Foul Ball, location: 2F
1-1: Called Strike
1-2: Strikes out swinging
Top of the 8th over - 0 run(s), 0 hit(s), 0 error(s), 0 left on base; Kingston Township 2 - D.C. 5
BOTTOM OF THE 8TH
D.C. Divided batting - Pitching for Kingston Township Legion : LHP Zach Williams Jr.
Batting: LHB Jorge Aicón 0-0: Foul Ball, location: 2F
0-1: Ball
1-1: Ground out 4-3 (Groundball, 34)
Batting: LHB Charles Mathes 0-0: Ball
1-0: Ball
2-0: SINGLE (Line Drive, 8RS)
Batting: RHB Tony Romero 0-0: Ball
1-0: Foul Ball, location: 2F
1-1: Ball
2-1: Foul Ball, location: 2F
2-2: Foul Ball, location: 2F
2-2: Ball
3-2: Fly out, F6 (Popup, 6)
Batting: LHB Ramón García 0-0: Called Strike
0-1: Ball
1-1: Ball
2-1: Foul Ball, location: 2F
2-2: Strikes out looking
Bottom of the 8th over - 0 run(s), 1 hit(s), 0 error(s), 1 left on base; Kingston Township 2 - D.C. 5
TOP OF THE 9TH
Kingston Township Legion batting - Pitching for D.C. Divided : RHP Sozen Raikatuji
Pitching: RHP Myron Snow
Batting: RHB Jon Erickson 0-0: Ball
1-0: Ball
2-0: Called Strike
2-1: Ball
3-1: Ground out 6-3 (Groundball, 6)
Batting: LHB Forrest McCooke 0-0: Ball
1-0: Ball
2-0: Ball
3-0: Called Strike
3-1: Foul Ball, location: 2F
3-2: Fly out, F6 (Popup, 5DF)
Batting: LHB Gonzalo López 0-0: Called Strike
0-1: Foul Ball, location: 2F
0-2: Ball
1-2: Fly out, F9 (Flyball, 9LM)
Top of the 9th over - 0 run(s), 0 hit(s), 0 error(s), 0 left on base; Kingston Township 2 - D.C. 5
This league is powered by Out of the Park Baseball, the baseball management simulation game for PC, Mac and Linux
Friday, July 8th, 2016 - OOTP Baseball 16.9 Build 39